 Dungeon Crawl Stone Soup version 0.24-a0-271-ga0fc33f724 (webtiles) character file.

Game seed: 9878288663080958056

102539 Redear the Protected (level 16, -4/134 HPs)
             Began as a Formicid Fighter on Apr 24, 2019.
             Was the Champion of Okawaru.
             Killed by the raging water
             ... invoked by a water nymph
              (28 damage)
             ... on level 3 of the Shoals.
             The game lasted 01:30:54 (31111 turns).

Redear the Protected (Formicid Fighter)            Turns: 31111, Time: 01:30:54

Health: -4/134     AC: 22    Str: 44    XL:     16   Next: 86%
Magic:  0/23       EV: 24    Int: 13    God:    Okawaru [******]
Gold:   2238       SH: 16    Dex: 12    Spells: 12/15 levels left

rFire    . . .     SeeInvis +   t - +4 war axe (chop)
rCold    + . .     Gourm    .   u - +0 shield
rNeg     . . .     Faith    .   d - +3 scale mail {rPois} {rPois}
rPois    +         Spirit   +   (helmet unavailable)
rElec    .         Reflect  .   C - +0 cloak of the Guild-Master {rC+ rCorr Str+6}
rCorr    +         Harm     .   r - +1 pair of gloves {Str+3} {Str+3}
MR       +....                  h - +1 pair of boots {Fly}
Stlth    +.........             e - amulet of Simaps {Spirit Str+3 Int+5 Dex+2}
HPRegen  0.32/turn              Y - +3 ring of evasion
MPRegen  0.18/turn              K - +4 ring of strength

@: afraid, heroism, flying
A: permanent stasis, dig shafts and tunnels, four strong arms, antennae 3
a: Dig, Shaft Self, Heroism, Finesse, Renounce Religion, Stop Flying


You were on level 3 of the Shoals.
You worshipped Okawaru.
Okawaru was exalted by your worship.
You were not hungry.

You visited 5 branches of the dungeon, and saw 25 of its levels.
You also visited: Sewer, Bailey and Ice Cave.

You collected 2238 gold pieces.

Inventory:

Hand Weapons
 t - a +4 war axe of chopping (weapon)
Missiles
 a - 21 javelins
 D - 8 silver javelins
 W - 7 javelins of returning
 Z - 8 throwing nets (quivered) {+f}
Armour
 d - a +3 scale mail of poison resistance (worn) {rPois}
 h - a +1 pair of boots of flying (worn)
 n - the +4 chain mail "Junur" {rN++ Str+2 Int+4 Dex-3}
   (Okawaru gifted it to you on level 11 of the Dungeon)

   It affects your strength (+2).
   It affects your intelligence (+4).
   It affects your dexterity (-3).
   It greatly protects you from negative energy.
 r - a +1 pair of gloves of strength (worn) {Str+3}
 u - a +0 shield (worn)
 w - a +1 scale mail of fire resistance {rF+}
 y - the +2 pair of boots of Dueq Vuog {rC+}
   (Okawaru gifted it to you on level 12 of the Dungeon)

   It protects you from cold.
 C - the +0 cloak of the Guild-Master (worn) {rC+ rCorr Str+6}
   (You acquired it on level 1 of the Orcish Mines)

   It affects your strength (+6).
   It protects you from cold.
   It provides partial protection from all sources of acid and corrosion.
 J - a +0 pair of boots of running {Speed+}
Jewellery
 c - an uncursed ring of protection from cold {rC+}
 e - the amulet of Simaps (around neck) {Spirit Str+3 Int+5 Dex+2}
   (You found it on level 1 of the Orcish Mines)

   [amulet of guardian spirit]

   It causes incoming damage to be split between your health and magic.
   It affects your strength (+3).
   It affects your intelligence (+5).
   It affects your dexterity (+2).
 o - an uncursed ring of poison resistance {rPois}
 K - a +4 ring of strength (right hand)
 M - an uncursed amulet of the acrobat
 Y - a +3 ring of evasion (left hand)
Wands
 A - a wand of acid (8)
 I - a wand of iceblast (32)
 O - a wand of clouds (5)
 P - a wand of paralysis (7)
Scrolls
 f - 2 scrolls of fog
 g - 6 scrolls of amnesia
 k - 6 scrolls of noise
 m - a scroll of holy word {unknown}
 p - 7 scrolls of enchant weapon
 q - 2 scrolls of immolation
 v - 2 scrolls of fear
 B - 3 scrolls of blinking
 E - 2 scrolls of vulnerability
 G - 2 scrolls of enchant armour
 H - 2 scrolls of brand weapon
 N - 11 scrolls of remove curse {@r2}
 R - 2 scrolls of identify {@r1}
 S - 4 scrolls of silence
 T - a scroll of summoning {unknown}
Potions
 b - 2 potions of heal wounds {@q1}
 i - 6 potions of ambrosia
 j - 5 potions of brilliance {Archmagi Int+5 Wiz++}
 l - a potion of flight
 s - a potion of cancellation
 x - 3 potions of lignification
 F - 2 potions of resistance {rF+ rC+ rPois rElec rCorr}
 L - 3 potions of agility {Stlth+ Dex+5 EV+5 | @q4}
 Q - 13 potions of curing {@q2}
 U - 4 potions of invisibility
 V - a potion of magic
 X - a potion of mutation {!q}
Comestibles
 z - 22 rations


   Skills:
 - Level 14.5(19.5) Fighting
 - Level 13.4(18.4) Axes
 - Level 14.6(19.6) Armour
 - Level 12.2(17.2) Dodging
 - Level 9.0(14.0) Shields
 + Level 1.7 Charms
 + Level 1.7 Necromancy
 - Level 10.0 Invocations


You had 12 spell levels left.
You knew the following spells:

 Your Spells              Type           Power        Failure   Level  Hunger
R - Regeneration          Chrm/Necr      #.........   52%         3    ####...

Your spell library contained the following spells:

 Spells                   Type           Power        Failure   Level  Hunger
 Animate Skeleton         Necr           N/A          21%         1    ##.....
 Infusion                 Chrm           #...         21%         1    ##.....
 Song of Slaying          Chrm           #.......     30%         2    ###....
 Apportation              Tloc           #.....       38%         1    ##.....
 Confusing Touch          Hex            #.....       38%         1    ##.....
 Corona                   Hex            #......      38%         1    ##.....
 Sandblast                Erth           #.....       38%         1    ##.....
 Summon Butterflies       Summ           #.......     38%         1    ##.....
 Summon Small Mammal      Summ           #...         38%         1    ##.....
 Shroud of Golubria       Chrm/Tloc      #.........   41%         2    ###....
 Passwall                 Tmut/Erth      #.......     54%         2    ###....
 Slow                     Hex            #.......     54%         2    ###....
 Spectral Weapon          Hex/Chrm       #.......     65%         3    ####...
 Inner Flame              Hex/Fire       #.......     77%         3    ####...
 Lesser Beckoning         Tloc           #.........   77%         3    ####...
 Portal Projectile        Hex/Tloc       #.....       77%         3    ####...
 Stone Arrow              Conj/Erth      #.....       77%         3    ####...
 Tukima's Dance           Hex            #.......     77%         3    ####...
 Cause Fear               Hex            #.........   99%         4    #####..
 Leda's Liquefaction      Hex/Erth       #.........   99%         4    #####..
 Petrify                  Tmut/Erth      #.......     99%         4    #####..
 Alistair's Intoxication  Tmut/Pois      #.......     100%        5    ######.
 Irradiate                Conj/Tmut      #.........   100%        5    ######.
 Lee's Rapid Deconstruct  Erth           #.........   100%        5    ######.
 Hydra Form               Tmut           #.........   100%        6    #######
 Invisibility             Hex            #.......     100%        6    #######
 Statue Form              Tmut/Erth      #........    100%        6    #######
 Dragon Form              Tmut           #.........   100%        7    #######


Dungeon Overview and Level Annotations

Branches:
Dungeon (13/15)            Temple (1/1) D:7            Lair (6/6) D:8
 Shoals (3/4) Lair:2       Spider (0/4) Lair:4        Slime (0/5) Lair:5
    Orc (2/2) D:9             Elf (0/3) Orc:2
 Vaults: D:13-14

Altars:
Ashenzari
Cheibriados
Dithmenos
Elyvilon
Fedhas
Gozag
Hepliaklqana
Kikubaaqudgha
Makhleb
Nemelex Xobeh
Okawaru
Qazlal
Ru
Sif Muna
Trog
Uskayaw
Vehumet
Xom
Yredelemnul
Zin
The Shining One
Beogh
Jiyva

Shops:
D:5 =   Orc:2 (}([

Annotations:
D:10 1 runed translucent door
D:12 2 transporters, Azzok's ghost, journeyman OpFE


Innate Abilities, Weirdness & Mutations

You cannot be hasted, slowed, berserked, paralysed or teleported.
You can dig through walls and to a lower floor.
Your four strong arms can wield two-handed weapons with a shield.
You have a pair of large antennae on your head. (SInv)


Message History

* * * LOW HITPOINT WARNING * * *
The sea snake misses you.
You regained 4 hp, and now have 31/134 hp.
You now have 4/23 mp.
Unknown command.
You hit the water nymph.
The water nymph is almost dead.
You slice the sea snake!! You hit the manticore.
The manticore barely misses you. You block the manticore's attack.
The manticore claws you but does no damage.
The sea snake bites you but does no damage.
The satyr hits you from afar with a +0 spear!
* * * LOW HITPOINT WARNING * * *
You take 7 damage, and have 24/134 hp.
You now have 3/23 mp.
You miss the water nymph.
The water nymph is almost dead.
You hit the sea snake. You hit the manticore.
The water nymph points at you and mumbles some strange words.
The water rises up and strikes you!
You die...

≈≈≈≈≈..≈≈≈≈≈≈≈≈≈≈P≈P
≈≈≈≈≈≈≈≈...≈≈≈≈≈≈≈≈≈≈≈≈.
≈≈≈≈≈≈≈....≈≈≈(≈≈≈≈(≈≈≈P
≈≈≈≈≈≈....[≈≈≈≈≈≈≈≈≈≈≈≈≈
≈≈≈≈≈....≈≈≈≈≈≈≈≈≈≈(≈≈..
≈≈≈..$.≈≈≈≈≈.≈≈≈≈(≈≈≈≈.#
≈≈...≈.≈≈.....≈≈≈≈≈≈≈P.#
≈≈...≈mS...##)<≈≈≈≈≈≈≈≈#
#@..##..)≈≈≈≈≈≈≈≈.
#H...))().≈≈≈≈≈≈≈.
...c.≈≈≈).....≈≈≈.≈≈≈
.H...≈≈≈.......≈≈..)≈≈
≈.#...............≈..≈≈
≈......≈......####...≈≈
≈..≈≈.≈≈......# ####≈≈
≈.≈≈≈≈≈.......# ≈≈
≈?.≈≈.###..## ≈≈


You could see a satyr, a sea snake, a manticore and a water nymph.

Vanquished Creatures
  Saint Roka (Orc:2)
  Frances (D:12)
  Gastronok (Lair:2)
  Kirke (Shoals:1)
  The ghost of temitten the Covert, a journeyman NaFi of Makhleb (Orc:1)
  An orc warlord (Orc:1)
  A reaper (IceCv)
  The ghost of Meonost the Protected, a journeyman FoFi of the Shining One (Lair:5)
  The ghost of Kinin the Cleaver, a journeyman HOFi of Beogh (Lair:3)
  Nessos (D:12)
  Snorg (Lair:4)
  A merfolk javelineer (Shoals:3)
  Harold (Lair:1)
  Josephine (D:10)
  2 merfolk impalers (Shoals:1)
  6 hydras
  2 catoblepae (Lair:6)
  An alligator snapping turtle (Shoals:2)
  3 two-headed ogres
  A merfolk avatar (Shoals:1)
  5 death yaks (Lair:6)
  A satyr (Shoals:3)
  A deep troll shaman (Lair:6)
  An orc high priest (Orc:2)
  Nergalle (Lair:4)
  Urug (Lair:3)
  3 spriggans (Lair:5)
  3 sea snakes
  A lindwurm (Lair:6)
  Pikel (D:6)
  The ghost of Shinnjin the Cleaver, a novice MiBe of Trog (D:7)
  16 harpies
  4 orc knights
  4 fauns (Shoals:1)
  5 manticores
  4 orc sorcerers (Orc:2)
  3 oklob plants
  2 cyclopes
  10 elephants
  5 black mambas
  Maurice (D:10)
  A merfolk siren (Shoals:3)
  2 ice statues (IceCv)
  Psyche (D:12)
  A water nymph (Shoals:1)
  5 spiny frogs
  2 rime drakes
  A kobold demonologist (D:11)
  A komodo dragon (Lair:4)
  10 ice devils (IceCv)
  2 wind drakes
  13 merfolk
  7 trolls
  Prince Ribbit (D:8)
  2 polar bears
  A hornet (Lair:5)
  10 blink frogs
  4 slime creatures (D:12)
  7 snapping turtles
  Sigmund (D:5)
  11 hippogriffs
  A water elemental (Shoals:1)
  3 shadows (D:11)
  3 wyverns
  6 wraiths
  3 hogs (Shoals:1)
  31 yaks
  A basilisk (Lair:3)
  Grum (D:10)
  2 hungry ghosts
  Menkaure (D:6)
  6 wargs
  An acid dragon (D:13)
  9 water moccasins
  Duvessa (D:4)
  16 porcupines
  38 orc warriors
  3 sky beasts
  13 ice beasts
  5 black bears
  2 necrophages
  8 ogres
  3 eyes of draining
  A boggart (Lair:5)
  15 wolves
  4 centaurs
  10 crocodiles
  3 big kobolds
  14 bullfrogs
  A gnoll sergeant (D:6)
  A wyvern skeleton (D:10)
  Dowan (D:4)
  A water moccasin skeleton (D:6)
  4 scorpions
  20 killer bees
  A howler monkey (D:5)
  10 wights
  3 electric eels
  3 crimson imps
  4 jellies
  2 bullfrog skeletons
  2 centaur zombies
  7 hounds
  3 centaur skeletons
  27 orc priests
  28 orc wizards
  Terence (D:2)
  Jessica (D:3)
  Ijyb (D:3)
  5 iguanas
  Natasha (thrice) (D:3)
  15 worker ants
  A hound zombie (D:9)
  11 gnolls
  12 adders
  6 river rats (Sewer)
  A hound simulacrum (D:7)
  5 shadow imps
  8 white imps (IceCv)
  4 ufetubi (IceCv)
  4 adder skeletons
  5 worms
  4 dart slugs
  5 leopard geckos
  128 orcs
  5 giant cockroaches
  9 goblins
  3 hobgoblins
  18 jackals
  5 quokkas
  8 ball pythons
  8 bats
  4 frilled lizards
  A jackal skeleton (D:6)
  35 kobolds
  24 rats
  3 fungi
  9 plants
859 creatures vanquished.

Vanquished Creatures (others)
  A slave (D:6)
  A bullfrog (D:6)
  A worker ant (D:6)
  4 white imps (IceCv)
  3 ufetubi (IceCv)
  A kobold (D:11)
  24 fungi
  20 plants
55 creatures vanquished.

Grand Total: 914 creatures vanquished

Notes
Turn   | Place    | Note
-------+----------+-------------------------------------------
     0 | D:1      | Redear the Formicid Fighter began the quest for the Orb.
     0 | D:1      | Reached XP level 1. HP: 18/18 MP: 1/1
   773 | D:2      | Reached XP level 2. HP: 24/24 MP: 2/2
   920 | D:2      | Noticed Terence
   937 | D:2      | Killed Terence
   937 | D:2      | Reached skill level 1 in Dodging
   937 | D:2      | Reached skill level 4 in Shields
   937 | D:2      | Reached XP level 3. HP: 27/29 MP: 3/3
   952 | D:2      | Reached XP level 4. HP: 21/37 MP: 4/4
  1460 | D:3      | Noticed Natasha
  1472 | D:3      | Killed Natasha
  1545 | D:3      | Noticed Ijyb
  1560 | D:3      | Killed Ijyb
  1560 | D:3      | Reached XP level 5. HP: 20/42 MP: 5/5
  1593 | D:3      | Reached skill level 4 in Fighting
  1698 | D:3      | Reached skill level 4 in Armour
  1770 | D:3      | Noticed Natasha
  1776 | D:3      | Killed Natasha
  1776 | D:3      | Reached skill level 3 in Axes
  1812 | D:3      | Found a hide-covered altar of Uskayaw.
  1813 | D:3      | Found a stormy altar of Qazlal.
  1831 | D:3      | Found a sparkling altar of Nemelex Xobeh.
  2047 | D:3      | Noticed Natasha
  2053 | D:3      | Noticed Jessica
  2077 | D:3      | Killed Natasha
  2077 | D:3      | Reached XP level 6. HP: 26/48 MP: 6/6
  2081 | D:3      | Killed Jessica
  2081 | D:3      | Reached skill level 2 in Dodging
  2158 | D:3      | Found a glowing drain.
  2169 | Sewer    | Entered a sewer
  2925 | Sewer    | Reached skill level 5 in Shields
  3243 | D:3      | Found a deep blue altar of Sif Muna.
  3766 | D:4      | Reached XP level 7. HP: 52/55 MP: 7/7
  4748 | D:4      | Noticed Duvessa
  4748 | D:4      | Noticed Dowan
  4763 | D:4      | Killed Dowan
  4763 | D:4      | Reached skill level 5 in Fighting
  4763 | D:4      | Reached skill level 4 in Axes
  4763 | D:4      | Reached skill level 5 in Armour
  4782 | D:4      | Killed Duvessa
  4782 | D:4      | Reached skill level 3 in Dodging
  4782 | D:4      | Reached XP level 8. HP: 12/62 MP: 8/8
  5204 | D:5      | Entered Level 5 of the Dungeon
  5442 | D:5      | Reached skill level 6 in Shields
  5522 | D:5      | Found Mej Reo's Jewellery Boutique.
  5923 | D:5      | Noticed Sigmund
  5941 | D:5      | Killed Sigmund
  5941 | D:5      | Reached skill level 6 in Fighting
  5941 | D:5      | Reached skill level 5 in Axes
  5941 | D:5      | Reached skill level 4 in Dodging
  6326 | D:6      | Reached skill level 6 in Armour
  6326 | D:6      | Reached XP level 9. HP: 68/69 MP: 9/9
  6376 | D:6      | Noticed Menkaure
  6392 | D:6      | Killed Menkaure
  6398 | D:6      | Reached skill level 7 in Shields
  6526 | D:6      | Noticed Pikel
  6547 | D:6      | Killed Pikel
  6861 | D:6      | Reached skill level 5 in Dodging
  6866 | D:6      | Found an iron altar of Okawaru.
  6867 | D:6      | Found a bloodstained altar of Trog.
  6871 | D:6      | Reached skill level 7 in Fighting
  6871 | D:6      | Reached skill level 6 in Axes
  6871 | D:6      | Reached skill level 7 in Armour
  6890 | D:6      | Became a worshipper of Warmaster Okawaru
  7359 | D:7      | Found a transporter.
  7360 | D:7      | Noticed a hippogriff
  7373 | D:7      | Killed a hippogriff
  7387 | D:7      | Found a transporter.
  7437 | D:7      | Noticed Shinnjin's ghost (novice MiBe)
  7452 | D:7      | Reached XP level 10. HP: 55/79 MP: 10/10
  7790 | D:7      | Reached skill level 8 in Shields
  8123 | D:7      | Found a staircase to the Ecumenical Temple.
  8423 | Temple   | Entered the Ecumenical Temple
  8686 | D:7      | Reached * piety under Okawaru
  8896 | D:8      | Noticed Prince Ribbit
  8928 | D:8      | Killed Prince Ribbit
  9218 | D:8      | Reached skill level 8 in Fighting
  9233 | D:8      | Reached skill level 8 in Armour
  9250 | D:8      | Reached skill level 7 in Axes
  9250 | D:8      | Reached skill level 6 in Dodging
  9601 | D:8      | Found a staircase to the Lair.
  9658 | D:8      | Reached skill level 9 in Shields
 10000 | D:8      | Reached ** piety under Okawaru
 10133 | D:9      | Noticed a two-headed ogre
 10146 | D:9      | Killed a two-headed ogre
 10146 | D:9      | Reached XP level 11. HP: 80/87 MP: 9/11
 10593 | D:9      | Reached *** piety under Okawaru
 10593 | D:9      | Reached skill level 9 in Fighting
 10593 | D:9      | Reached skill level 9 in Armour
 10601 | D:9      | Reached skill level 8 in Axes
 10774 | D:9      | Reached skill level 7 in Dodging
 10927 | D:9      | Noticed a two-headed ogre
 10944 | D:9      | Killed a two-headed ogre
 11329 | D:9      | Found a staircase to the Orcish Mines.
 11414 | D:10     | Entered Level 10 of the Dungeon
 11443 | D:10     | Reached skill level 1 in Invocations
 11514 | D:10     | Reached **** piety under Okawaru
 11538 | D:10     | Noticed a cyclops
 11782 | D:10     | Killed a cyclops
 11821 | D:10     | Reached skill level 2 in Invocations
 12052 | D:10     | Found a runed translucent door.
 12088 | D:10     | Noticed Josephine
 12100 | D:10     | Reached XP level 12. HP: 89/97 MP: 11/13
 12129 | D:10     | Killed Josephine
 12129 | D:10     | Reached skill level 3 in Invocations
 12152 | D:10     | Reached skill level 10 in Fighting
 12152 | D:10     | Reached skill level 10 in Armour
 12496 | D:10     | Noticed Maurice
 12501 | D:10     | Reached skill level 9 in Axes
 12608 | D:10     | Noticed Grum
 12621 | D:10     | Killed Grum
 12919 | D:10     | Killed Maurice
 12919 | D:10     | Reached skill level 8 in Dodging
 12939 | D:10     | Noticed a fire crab
 13155 | D:11     | Reached skill level 4 in Invocations
 13197 | D:11     | Reached ***** piety under Okawaru
 13596 | D:11     | Received a gift from Okawaru
 13632 | D:11     | Got a shimmering chain mail {god gift}
 13665 | D:11     | Identified the +4 chain mail "Junur" {rN++ Str+2 Int+4
                  | Dex-3} (Okawaru gifted it to you on level 11 of the
                  | Dungeon)
 13795 | D:11     | Reached skill level 5 in Invocations
 13911 | D:12     | Noticed Psyche
 13929 | D:12     | Killed Psyche
 14146 | D:12     | Found a frozen archway.
 14161 | D:12     | Reached XP level 13. HP: 83/104 MP: 15/17
 14178 | IceCv    | Entered an ice cave
 14870 | IceCv    | Reached skill level 6 in Invocations
 15124 | IceCv    | Reached skill level 11 in Armour
 15170 | IceCv    | Noticed a reaper
 15199 | IceCv    | Reached skill level 11 in Fighting
 15204 | IceCv    | Killed a reaper
 15204 | IceCv    | Reached skill level 10 in Axes
 15637 | IceCv    | Reached skill level 9 in Dodging
 15807 | D:12     | Received a gift from Okawaru
 15810 | D:12     | Got a pair of faintly humming boots {god gift}
 15824 | D:12     | Identified the +2 pair of boots of Dueq Vuog {rC+} (Okawaru
                  | gifted it to you on level 12 of the Dungeon)
 15832 | D:12     | Noticed Nessos
 15893 | D:12     | Killed Nessos
 16066 | D:12     | Noticed Azzok's ghost (journeyman OpFE)
 16066 | D:12     | Noticed a fire dragon
 16066 | D:12     | a wolf spider changed into a fire dragon
 16068 | D:12     | Found a transporter.
 16069 | D:12     | Noticed an ettin
 16069 | D:12     | a fire dragon changed into an ettin
 16073 | D:12     | an ettin changed into a wolf spider
 16091 | D:12     | Reached skill level 7 in Invocations
 16097 | D:12     | Found a transporter.
 16125 | D:12     | Noticed Frances
 16181 | D:12     | Killed Frances
 16819 | Lair:1   | Entered Level 1 of the Lair of Beasts
 16957 | Lair:1   | Noticed Harold
 16981 | Lair:1   | Killed Harold
 16986 | Lair:1   | Received a gift from Okawaru
 17626 | Lair:2   | Noticed Gastronok
 17627 | Lair:2   | Noticed a six-headed hydra
 17649 | Lair:1   | Killed a one-headed hydra
 17649 | Lair:1   | Reached skill level 8 in Invocations
 17649 | Lair:1   | Reached XP level 14. HP: 82/114 MP: 16/20
 18315 | Lair:2   | Reached skill level 12 in Armour
 18407 | Lair:2   | Reached skill level 12 in Fighting
 18428 | Lair:2   | Found a staircase to the Shoals.
 18606 | Lair:2   | Reached skill level 11 in Axes
 18882 | Lair:2   | Found a glowing golden altar of the Shining One.
 19019 | Lair:2   | Reached skill level 10 in Dodging
 19110 | Lair:3   | Noticed Urug
 19275 | Lair:3   | Killed Urug
 19314 | Lair:3   | Received a gift from Okawaru
 19328 | Lair:3   | Reached skill level 9 in Invocations
 19572 | Lair:3   | Found a runed translucent door.
 19574 | Lair:3   | Noticed Kinin's ghost (journeyman HOFi)
 20651 | Lair:4   | Noticed Snorg
 20675 | Lair:4   | Killed Snorg
 20845 | Lair:4   | Found a hole to the Spider Nest.
 20991 | Lair:4   | Noticed Nergalle
 21011 | Lair:4   | Killed Nergalle
 21011 | Lair:4   | Received a gift from Okawaru
 21021 | Lair:4   | Got a transparent war axe {god gift}
 21023 | Lair:4   | Identified the +2 war axe "Etroputa" {venom, rF+ Stlth+}
                  | (Okawaru gifted it to you on level 4 of the Lair of Beasts)
 21441 | Lair:5   | Found a staircase to the Slime Pits.
 21474 | Lair:5   | Found a viscous altar of Jiyva.
 21898 | Lair:5   | Found a runed translucent door.
 21903 | Lair:5   | Identified the +11 trident of Internal Strife {pierce,
                  | rElec rPois}
 21903 | Lair:5   | Noticed Meonost's ghost (journeyman FoFi)
 22054 | Lair:6   | Entered Level 6 of the Lair of Beasts
 22935 | Lair:6   | Reached XP level 15. HP: 109/122 MP: 19/22
 23122 | Lair:6   | Reached skill level 10 in Invocations
 23214 | Lair:6   | Received a gift from Okawaru
 23223 | Lair:6   | Reached skill level 13 in Armour
 23234 | Lair:6   | Reached skill level 13 in Fighting
 23275 | Lair:6   | Reached skill level 12 in Axes
 24003 | Orc:1    | Entered Level 1 of the Orcish Mines
 24016 | Orc:1    | Found a bloodstained altar of Trog.
 24200 | Orc:1    | Found a flagged portal.
 24215 | Bailey   | Entered a bailey
 24530 | Bailey   | Reached skill level 11 in Dodging
 24539 | Bailey   | Found a roughly hewn altar of Beogh.
 24727 | Orc:1    | Found a runed translucent gate.
 24727 | Orc:1    | Found a runed translucent gate.
 24727 | Orc:1    | Found a runed translucent gate.
 24731 | Orc:1    | Noticed temitten's ghost (journeyman NaFi)
 24731 | Orc:1    | Noticed an orc warlord
 24733 | Orc:1    | Found a roughly hewn altar of Beogh.
 24734 | Orc:1    | Identified the +6 morningstar of Skirmishing {freeze,
                  | +Rage}
 25068 | Orc:2    | Entered Level 2 of the Orcish Mines
 25091 | Orc:2    | Found a roughly hewn altar of Beogh.
 25092 | Orc:2    | Found Efoubb's Gadget Shoppe.
 25169 | Orc:2    | Found a roughly hewn altar of Beogh.
 25387 | Orc:2    | Noticed Saint Roka
 25775 | Orc:2    | Killed Saint Roka
 26131 | Orc:2    | Found a roughly hewn altar of Beogh.
 26131 | Orc:2    | Found Josaa's Antique Weapon Shoppe.
 26135 | Orc:2    | Found Yceat's Antique Armour Emporium.
 26509 | Orc:2    | Found a staircase to the Elven Halls.
 26681 | Orc:2    | Found a roughly hewn altar of Beogh.
 26698 | Orc:2    | Found Ejues's Antique Weapon Shoppe.
 26886 | Orc:1    | Killed temitten's ghost
 26921 | Orc:1    | Killed an orc warlord
 26955 | Orc:1    | Got a vibrating bronze amulet
 26959 | Orc:1    | Got a pair of twisted boots
 26972 | Orc:1    | Identified the cursed +0 pair of boots of the Dwarven Hall
                  | {rC+} (You found it on level 1 of the Orcish Mines)
 26972 | Orc:1    | Identified 2 scrolls of acquirement
 26977 | Orc:1    | Identified the amulet of Simaps {Spirit Str+3 Int+5 Dex+2}
                  | (You found it on level 1 of the Orcish Mines)
 26990 | Orc:1    | Got a pitted cloak
 27002 | Orc:1    | Identified the +0 cloak of the Guild-Master {rC+ rCorr
                  | Str+6} (You acquired it on level 1 of the Orcish Mines)
 27013 | Orc:1    | Identified a +0 pair of boots of running (You acquired it
                  | on level 1 of the Orcish Mines)
 27381 | D:7      | Killed Shinnjin's ghost
 27598 | Lair:2   | Killed Gastronok
 27598 | Lair:2   | Reached XP level 16. HP: 96/132 MP: 15/23
 27716 | Lair:3   | Killed Kinin's ghost
 27839 | Lair:5   | Killed Meonost's ghost
 27842 | Lair:5   | Received a gift from Okawaru
 28103 | Shoals:1 | Entered Level 1 of the Shoals
 28103 | Shoals:1 | Noticed Kirke
 28108 | Shoals:1 | Reached skill level 14 in Armour
 28112 | Shoals:1 | Reached skill level 14 in Fighting
 28120 | Shoals:1 | Killed Kirke
 28321 | Shoals:1 | Reached skill level 13 in Axes
 28323 | Shoals:1 | Received a gift from Okawaru
 28327 | Shoals:1 | Reached ****** piety under Okawaru
 28335 | Shoals:1 | Got an ebony halberd {god gift}
 28336 | Shoals:1 | Identified the +6 halberd "Qachod" {elec, rC+ Stlth+}
                  | (Okawaru gifted it to you on level 1 of the Shoals)
 28799 | Shoals:1 | Reached skill level 12 in Dodging
 29599 | Shoals:2 | Received a gift from Okawaru
 30954 | Shoals:2 | Learned a level 3 spell: Regeneration
 30975 | Shoals:3 | Reached skill level 1 in Charms
 30975 | Shoals:3 | Reached skill level 1 in Necromancy
 31111 | Shoals:3 | Killed from afar by a water nymph

Levels and vault maps discovered:
D:1:      tarquinn_simple_flora_water_e, layout_loops_cross
D:2:      layout_loops_ring, first_ration, uniq_terence
D:3:      layout_basic, minitemple, nemelex_xobeh_ov_fountains_minmay,
          cheibrodos_sewer_entry_bend, tgw_sif, uniq_ijyb, uniq_natasha
D:4:      layout_gridville, corexii_corridor_pit, uniq_duvessa
D:5:      layout_cave_pools, serial_shops, shop, uniq_sigmund
D:6:      layout_cave_pools, grunt_temple_overflow_bloody_war, kennysheep_mini,
          serial_bayou, serial_bayou_pond_c, serial_bayou_pond_d,
          serial_bayou_pond_e, serial_bayou_pond_c, uniq_pikel, uniq_menkaure
D:7:      layout_loops_ring, minmay_temple_entry_fiery,
          gammafunk_ghost_mausoleum, hex_large
D:8:      layout_gridville, due_lair_maze_entry_diamond, uniq_prince_ribbit1
D:9:      layout_roguey, david_orc_4
D:10:     gammafunk_mikee_crab_dinner, layout_basic, uniq_josephine,
          uniq_maurice, uniq_grum
D:11:     layout_cross
D:12:     layout_irregular_city, gammafunk_ghost_arena,
          portal_ice_cave_entry_ice_beasts, uniq_frances, uniq_nessos,
          uniq_psyche
D:13:     layout_loops_ring, grunt_vaults_entry_fortified
Temple:   compressed_dpeg_circular_temple
Lair:1:   layout_concentric_octagons, uniq_harold
Lair:2:   layout_layer_cave, minmay_shoals_entry_hut, basic_altar,
          serial_bayou_pond_e, uniq_gastronok
Lair:3:   layout_gridlike, ebering_ghost_reflecting_pool, uniq_urug
Lair:4:   layout_long_grid, spider_nest_entry_web_field, lemuel_fruit_fields,
          grunt_megastairs_3, uniq_snorg, uniq_nergalle
Lair:5:   layout_roguey, slime_altar_1, ebering_ghost_funeral_grove,
          minmay_lair_oklob_chamber, lemuel_fruit_fields, serial_bayou_shore_b
Lair:6:   grunt_lair_end_beastmaster, layout_gridlike, st_stairs_9,
          lemuel_fruit_fields, grunt_megastairs_2, infiniplex_staircase_pool
Shoals:1: layout_shoals, uniq_kirke
Shoals:2: layout_shoals
Shoals:3: layout_shoals
Orc:1:    layout_caves, biasface_ghost_orc_armoury, enter_bailey_7,
          trog_butcher_becter
Orc:2:    grunt_orc_community_town_hall, layout_diamond_mine,
          grunt_orc_community_big_house_1, grunt_orc_community_big_house_2,
          grunt_orc_community_house_2, grunt_orc_community_house_2,
          grunt_orc_community_house_3, grunt_orc_community_house_2,
          uniq_saint_roka
Sewer:    sewer_minmay_treatment
Bailey:   bailey_polearm_2, bailey
IceCv:    ice_cave_small_demon

Skill      XL: |  1  2  3  4  5  6  7  8  9 10 11 12 13 14 15 16 |
---------------+-------------------------------------------------+-----
Dodging        | 1 2 3 4 5 6 7 8 9 10 11 12 | 12.2
Shields        | 4 5 6 7 9 |  9.0
Fighting       | 4 5 6 7 8 9 10 11 12 13 14 | 14.5
Armour         | 4 5 6 7 8 9 10 11 12 13 14 | 14.6
Axes           | 3 4 5 6 7 8 9 10 11 12 13 | 13.4
Invocations    | 2 5 8 9 10 | 10.0
Charms         | 1 |  1.7
Necromancy     | 1 |  1.7

Action                   |  1- 3 |  4- 6 |  7- 9 | 10-12 | 13-15 | 16-18 || total
-------------------------+-------+-------+-------+-------+-------+-------++-------
Melee: War axe           |    47 |   230 |   294 |       |   651 |   296 ||  1518
       Unarmed           |       |     2 |       |       |       |       ||     2
       Hand axe          |       |       |    94 |  1215 |   859 |       ||  2168
Invok: Heroism           |       |       |       |    28 |    32 |    11 ||    71
       Finesse           |       |       |       |       |     4 |       ||     4
 Abil: Dig               |       |     4 |     1 |       |    22 |     1 ||    28
Evoke: Wand              |       |       |       |     2 |     4 |       ||     6
  Use: Scroll            |       |     5 |     5 |     4 |    16 |     1 ||    31
       Potion            |       |     5 |     5 |     6 |     4 |     2 ||    22
  Eat: Chunk             |       |     6 |    12 |    22 |    22 |     7 ||    69
       Ration            |       |     1 |       |     1 |     8 |     1 ||    11
Armor: Scale mail        |    27 |   142 |   148 |   120 |   259 |    78 ||   774
       Skin              |       |     9 |    27 |       |       |       ||    36
       Chain mail        |       |       |       |   164 |    71 |       ||   235
Dodge: Dodged            |    10 |   129 |   178 |   423 |   890 |   227 ||  1857
Block: Shield            |    21 |   188 |   256 |   606 |   932 |   286 ||  2289

Table legend:
 A = Non-vault XP
 B = Vault XP
 C = Vault XP percentage of total XP
 D = Non-vault monster count
 E = Vault monster count
 F = Vault count percentage of total count
                 A         B        C        D         E       F
            +---------+---------+-------+---------+---------+-------
      Total |   84562 |   61923 |  42.3 |     549 |     298 |  35.2
            +---------+---------+-------+---------+---------+-------
        D:1 |       8 |       0 |   0.0 |       4 |       0 |   0.0
        D:2 |      30 |      38 |  55.9 |      14 |       1 |   6.7
        D:3 |     159 |     113 |  41.5 |      35 |       4 |  10.3
        D:4 |     507 |     217 |  30.0 |      32 |       2 |   5.9
        D:5 |     479 |     227 |  32.2 |      28 |       1 |   3.4
        D:6 |     870 |     826 |  48.7 |      28 |       3 |   9.7
        D:7 |    1025 |     988 |  49.1 |      22 |       6 |  21.4
        D:8 |    1421 |    1502 |  51.4 |      30 |      11 |  26.8
        D:9 |    4836 |     681 |  12.3 |      50 |      16 |  24.2
       D:10 |    2803 |    2771 |  49.7 |      33 |       9 |  21.4
       D:11 |    5070 |       0 |   0.0 |      39 |       0 |   0.0
       D:12 |    5046 |    5176 |  50.6 |      36 |      11 |  23.4
       D:13 |     159 |       0 |   0.0 |       1 |       0 |   0.0
     Lair:1 |    5845 |    1055 |  15.3 |      26 |       1 |   3.7
     Lair:2 |    7118 |    2480 |  25.8 |      23 |       2 |   8.0
     Lair:3 |    5006 |    2132 |  29.9 |      17 |       2 |  10.5
     Lair:4 |    3555 |    2837 |  44.4 |      12 |       9 |  42.9
     Lair:5 |    2799 |    4243 |  60.3 |      12 |       9 |  42.9
     Lair:6 |    3543 |   12037 |  77.3 |      12 |      26 |  68.4
   Shoals:1 |   19090 |    2807 |  12.8 |      37 |       4 |   9.8
   Shoals:2 |    6584 |       0 |   0.0 |      14 |       0 |   0.0
   Shoals:3 |    3662 |       0 |   0.0 |       8 |       0 |   0.0
      Orc:1 |    1882 |    5623 |  74.9 |      21 |      23 |  52.3
      Orc:2 |    3065 |    9864 |  76.3 |      15 |      69 |  82.1
      Sewer |       0 |     171 | 100.0 |       0 |      48 | 100.0
     Bailey |       0 |    1553 | 100.0 |       0 |      16 | 100.0
      IceCv |       0 |    4582 | 100.0 |       0 |      25 | 100.0
            +---------+---------+-------+---------+---------+-------
